 Dungeon Crawl Stone Soup version 0.15-a0-869-g3492c09 (webtiles) character file.

670 Golfball the Cudgeler (level 7, -9/61 HPs)
             Began as a Minotaur Berserker on May 16, 2014.
             Was an Elder of Trog.
             Mangled by a troll (10 damage)
             ... on Level 5 of the Dungeon.
             The game lasted 00:27:39 (4386 turns).

Golfball the Cudgeler (Minotaur Berserker)          Turns: 4386, Time: 00:27:39

HP  -9/61        AC 11     Str 24      XL: 7   Next: 32%
MP   4/4         EV  7     Int  4      God: Trog [****..]
Gold 16          SH  0     Dex  9      Spells:  0 memorised,  6 levels left

rFire  . . .     SeeInvis .     f - +1,+2 dagger (venom)
rCold  . . .     Clarity  .     g - +0 chain mail
rNeg   . . .     Conserve .     (no shield)
rPois  .         rCorr    .     A - +2 hat
rElec  .         rRot     .     (no cloak)
SustAb +         Spirit   .     (no gloves)
rMut   .         Warding  .     (no boots)
Gourm  .         Stasis   .     (no amulet)
MR     +....                    y - ring of sustain abilities
                                e - ring of protection from magic

@: somewhat resistant to hostile enchantments, extremely unstealthy
A: retaliatory headbutt, horns 2
a: Burn Spellbooks, Berserk, Trog's Hand, Brothers in Arms, Renounce Religion


You were on level 5 of the Dungeon.
You worshipped Trog.
Trog was greatly pleased with you.
You were not hungry.

You visited 1 branch of the dungeon, and saw 5 of its levels.

You collected 239 gold pieces.
You spent 223 gold pieces at shops.

Inventory:

Hand weapons
 f - a +1,+2 dagger of venom (weapon)
 i - a +0,+0 glaive
 q - a +0,+2 whip of distortion
 w - a +0,+0 flail
 B - a +1,+1 short sword of holy wrath
 E - a +2,+0 war axe of venom
Missiles
 o - 15 tomahawks (quivered)
Armour
 g - a +0 chain mail (worn)
 A - a +2 hat (worn)
Magical devices
 v - a wand of magic darts (8)
Comestibles
 b - 3 chokos
 c - 2 bread rations
 d - a pear
 t - a meat ration
Scrolls
 a - a scroll of immolation
 h - a scroll of fog
 j - a scroll of identify
 k - 3 scrolls of remove curse
 l - 2 scrolls of blinking
 m - 2 scrolls of teleportation
 u - a scroll of enchant weapon II
 C - a scroll of fear {unknown}
Jewellery
 e - a ring of protection from magic (left hand)
 y - a ring of sustain abilities (right hand)
Potions
 n - a potion of berserk rage {unknown}
 p - 2 potions of mutation
 r - a potion of confusion {unknown}
 z - 2 potions of agility {unknown}
 D - a potion of paralysis {unknown}


   Skills:
 + Level 5.0 Fighting
 + Level 3.0 Short Blades
 + Level 3.4 Axes
 + Level 5.1 Maces & Flails
 + Level 3.1 Polearms
 + Level 2.6 Throwing
 + Level 4.2 Armour
 + Level 3.5 Dodging
 + Level 1.0 Evocations


You had 6 spell levels left.
You didn't know any spells.

Dungeon Overview and Level Annotations

Branches:
Dungeon (5/15)
 Temple: D:4-7

Altars:
Cheibriados
Dithmenos
Beogh

Shops:
D:4 !!}?(


Innate Abilities, Weirdness & Mutations

You reflexively headbutt those who attack you in melee.
You have a pair of horns on your head.


Message History

You hit the troll.
The troll looks even sicker.
Your headbutt misses the troll.
The troll is heavily wounded.
The troll bites you! The troll barely misses you.
The troll claws you but does no damage.
You hit the troll. Your headbutt misses the troll.
The troll is heavily wounded.
The troll bites you!
* * * LOW HITPOINT WARNING * * *
The troll claws you.
* * * LOW HITPOINT WARNING * * *
The troll claws you but does no damage.
Your chain mail prevents you from hitting the troll.
Your headbutt misses the troll.
The troll is heavily wounded.
You barely miss the troll.
The troll is heavily wounded.
The troll bites you!
* * * LOW HITPOINT WARNING * * *
The troll claws you!
You die...

#...#..#.#. #
#..##..#.#..#
####......#.#..#
#......##.#.#..#
#......##.#.#..#
#......##.#.#..##
#####'###.#$#...
#.###.#.#.####..#
#.......@).......
#####.#.#T##.#..#
...#.#.#
###.#?#.# ###.#?.
..### ... ###


You could see a troll.

Vanquished Creatures
  An ogre (D:4)
  A giant frog (D:3)
  6 orc priests
  A gnoll shaman (D:4)
  3 orc wizards
  Terence (D:3)
  4 gnolls (D:4)
  6 adders
  A giant mite (D:3)
  2 worms
  A shadow imp (D:3)
  A giant gecko (D:2)
  4 oozes
  14 orcs
  2 giant cockroaches
  13 goblins
  8 hobgoblins
  19 jackals
  4 kobolds
  2 quokkas
  A ball python (D:1)
  7 bats
  5 giant newts
  An orc skeleton (D:4)
  10 rats
118 creatures vanquished.

Notes
Turn   | Place    | Note
--------------------------------------------------------------
     0 | D:1      | Golfball, the Minotaur Berserker, began the quest for the Orb.
     0 | D:1      | Reached XP level 1. HP: 19/19 MP: 1/1
   346 | D:1      | Reached XP level 2. HP: 12/27 MP: 1/1
   762 | D:1      | Reached skill level 4 in Fighting
   930 | D:1      | Acquired Trog's second power
  1188 | D:2      | Reached XP level 3. HP: 26/33 MP: 2/2
  1290 | D:2      | Reached skill level 1 in Short Blades
  1634 | D:2      | Found a snail-covered altar of Cheibriados.
  1720 | D:2      | Reached XP level 4. HP: 40/40 MP: 2/2
  1802 | D:3      | Noticed Terence
  1815 | D:3      | Killed Terence
  1815 | D:3      | Reached skill level 1 in Throwing
  1980 | D:3      | Found a shadowy altar of Dithmenos.
  2012 | D:3      | Reached XP level 5. HP: 16/47 MP: 2/2
  2239 | D:3      | Reached skill level 1 in Polearms
  2397 | D:3      | Noticed a giant frog
  2411 | D:3      | Killed a giant frog
  2549 | D:3      | Reached skill level 1 in Axes
  2559 | D:3      | Reached XP level 6. HP: 28/53 MP: 3/3
  3005 | D:4      | Found Trodysi's Magic Scroll Shop.
  3020 | D:4      | Bought a scroll of teleportation for 42 gold pieces
  3020 | D:4      | Bought a scroll of enchant weapon I for 49 gold pieces
  3020 | D:4      | Bought a scroll of noise for 14 gold pieces
  3020 | D:4      | Bought a scroll of identify for 28 gold pieces
  3233 | D:4      | Acquired Trog's third power
  3296 | D:4      | Found Rotuonauxu's Weapon Boutique.
  3385 | D:4      | Found Schafrio's Distillery.
  3400 | D:4      | Found a roughly hewn altar of Beogh.
  3415 | D:4      | Reached skill level 5 in Fighting
  3416 | D:4      | Reached XP level 7. HP: 17/61 MP: 3/3
  3592 | D:4      | Reached skill level 1 in Evocations
  3790 | D:4      | Found Seaq Oru's Gadget Shop.
  3801 | D:4      | Found Eqaa's Distillery.
  4042 | D:4      | Bought a +2,+0 war axe of venom for 90 gold pieces
  4063 | D:5      | Entered Level 5 of the Dungeon
  4076 | D:5      | Reached skill level 5 in Maces & Flails
  4373 | D:5      | Noticed a troll
  4386 | D:5      | HP: 1/61 [troll (9)]
  4386 | D:5      | Mangled by a troll

Action                   |  1- 3 |  4- 6 |  7- 9 || total
-------------------------+-------+-------+-------++-------
Melee: Mace              |    20 |       |       ||    20
       Dagger            |    73 |   157 |    67 ||   297
Invok: Berserk           |       |     1 |       ||     1
       Trog's Hand       |       |     1 |       ||     1
  Use: Potion            |     3 |     1 |       ||     4
       Scroll            |     4 |     5 |     2 ||    11
